Map: Blackpink LE

Players

Jardz - Winner!

  • Race: Zerg Zerg
  • League: Diamond
  • Spawn Location: 7:00

Trizztein

  • Race: Terran Terran
  • League: Diamond
  • Spawn Location: 1:00

VOD

Have the link to the VOD?

Description

Time

  • Played on: March 27, 2018, 7:13 a.m.
  • Length: 18:27
Show
View Real Time Build Order
Export as new Build Order

Jardz Zerg - Winner!

Build Orders: Pool First, Swarm Host 

Get SALT Encoding   

  12  0:01  Drone  
  13  0:12  Overlord  
  13  0:18  Drone  
  14  0:31  Drone  
  14  0:32  Drone  
  16  0:41  Spawning Pool  
  15  0:44  Drone  
  15  0:48  Drone  
  17  1:10  Hatchery  
  16  1:13  Drone  
  17  1:28  Zergling x2  
  17  1:29  Zergling x4  
  17  1:31  Queen  
  22  1:35  Extractor  
  21  1:49  Overlord  
  21  1:56  Drone  
  22  2:08  Drone  
  22  2:13  Drone  
  24  2:17  Hatchery  
  22  2:34  Drone  
  22  2:35  Drone x3  
  26  2:38  Metabolic Boost  
  24  2:46  Queen  
  24  2:49  Drone  
  27  2:52  Drone  
  27  2:54  Drone  
  27  2:56  Drone  
  30  3:02  Overlord  
  30  3:04  Drone  
  31  3:17  Drone x3  
  34  3:21  Drone  
  35  3:31  Drone x3  
  35  3:34  Queen  
  38  3:37  Overlord  
  38  3:40  Drone x4  
  45  3:41  Drone  
  45  3:47  Extractor  
  44  3:56  Zergling x12  
  50  4:05  Drone x3  
  53  4:17  Overlord  
  53  4:38  Drone  
  54  4:43  Spore Crawler  
  54  4:45  Spine Crawler, Drone x6  
  58  4:49  Lair  
  58  4:50  Spore Crawler  
  57  4:53  Baneling Nest  
  57  4:56  Drone x2, Overlord  
  57  4:57  Overlord  
  57  4:59  Overlord  
  58  5:10  Spine Crawler  
  57  5:17  Drone x4  
  57  5:18  Zergling x6  
  57  5:19  Zergling x8  
  68  5:23  Evolution Chamber  
  68  5:24  Evolution Chamber  
  66  5:28  Extractor  
  66  5:29  Drone x6  
  66  5:30  Extractor  
  66  5:49  Zergling x2  
  61  5:50  Zergling x18  
  61  5:56  Zergling x2  
  73  5:57  Zergling x6  
  73  5:59  Zergling x2  
  70  6:11  Zergling x12  
  64  6:15  Queen x3, Zergling x2  
  73  6:19  Zerg Ground Armor Level 1, Zerg Melee Weapons Level 1  
  73  6:20  Spire  
  68  6:28  Zergling x2  
  68  6:29  Zergling x6  
  66  6:33  Drone  
  65  6:42  Drone x3  
  66  7:02  Drone  
  66  7:03  Drone x7  
  72  7:10  Extractor x2  
  72  7:12  Hydralisk Den  
  72  7:13  Hatchery  
  72  7:15  Zergling x6  
  69  7:18  Drone x3  
  69  7:22  Spine Crawler, Overlord  
  73  7:23  Overlord x2  
  73  7:24  Hatchery  
  71  7:43  Drone x4  
  75  7:48  Mutalisk x4  
  75  7:49  Mutalisk x3  
  89  7:59  Overlord x3  
  89  8:03  Drone  
  89  8:04  Drone x3  
  89  8:05  Drone  
  94  8:17  Zergling x2  
  94  8:18  Zergling x16  
  103  8:26  Zergling x2  
  97  8:27  Zergling x4  
  97  8:30  Zerg Melee Weapons Level 2  
  97  8:31  Zerg Ground Armor Level 2  
  99  8:35  Zergling x2  
  99  8:36  Zergling x10  
  99  8:40  Drone  
  106  8:48  Zergling x6  
  107  8:49  Zergling x12  
  107  8:51  Baneling x11  
  107  8:53  Zergling x2  
  116  8:58  Drone x5  
  121  9:09  Zergling x8  
  125  9:16  Drone x3  
  125  9:17  Drone x2  
  130  9:18  Muscular Augments  
  130  9:25  Drone x2  
  130  9:26  Drone, Infestation Pit  
  132  9:33  Drone x2  
  132  9:37  Overlord  
  132  9:38  Overlord x4  
  134  9:43  Spine Crawler  
  134  9:45  Queen, Spine Crawler  
  134  9:49  Spore Crawler  
  133  10:05  Hydralisk  
  133  10:06  Hydralisk x13  
  151  10:08  Hydralisk  
  153  10:14  Drone  
  153  10:15  Drone x6  
  153  10:17  Extractor  
  153  10:18  Extractor  
  158  10:21  Hive  
  158  10:44  Baneling x11  
  158  10:45  Zergling x2, Baneling x5  
  158  10:48  Zergling x10  
  158  10:49  Zergling x20  
  165  11:09  Zergling x4  
  165  11:10  Zergling x30  
  161  11:16  Zergling x10  
  152  11:24  Zergling x2  
  152  11:25  Zergling x10  
  146  11:41  Ultralisk Cavern, Greater Spire  
  118  11:55  Hatchery, Zergling x30  
  120  12:06  Zergling x8  
  120  12:07  Zergling x16  
  121  12:22  Overlord x3  
  117  12:25  Zerg Melee Weapons Level 3, Zerg Ground Armor Level 3  
  117  12:26  Adrenal Glands  
  101  12:48  Ultralisk  
  101  12:49  Ultralisk x5  
  101  12:50  Chitinous Plating  
  129  12:54  Extractor  
  129  12:55  Extractor  
  125  13:02  Zergling x2  
  125  13:03  Zergling x20  
  125  13:05  Zergling x2  
  136  13:16  Hydralisk x5  
  146  13:30  Spine Crawler, Drone x2  
  146  13:31  Spine Crawler x2, Drone x4  
  149  13:36  Spore Crawler  
  149  13:37  Hydralisk  
  149  13:38  Hydralisk x2  
  154  13:47  Hydralisk x4  
  161  13:49  Pneumatized Carapace  
  161  13:50  Overseer x2  
  154  14:05  Drone x4  
  154  14:06  Drone  
  158  14:15  Overlord x3  
  158  14:17  Swarm Host x6  
  174  14:24  Spine Crawler  
  173  14:31  Swarm Host x3  
  173  14:32  Swarm Host x2  
  182  14:41  Zergling x16  
  188  14:52  Zergling x2  
  174  14:53  Zergling x14  
  181  15:06  Zerg Flyer Weapons Level 1  
  181  15:09  Swarm Host  
  181  15:10  Swarm Host x5  
  195  15:38  Zergling x2  
  195  15:39  Hydralisk, Zergling x16  
  195  15:40  Hydralisk x4  
  199  15:52  Zergling x2  
  155  16:19  Zergling x30  
  155  16:20  Zergling x40  
  163  16:31  Swarm Host x7  
  163  16:32  Swarm Host  
  164  16:56  Hydralisk  
  164  16:57  Hydralisk x8  
  175  17:18  Ultralisk  
  175  17:19  Ultralisk  
  175  17:21  Baneling  
  175  17:22  Baneling x8  
  187  17:27  Swarm Host  
  187  17:28  Swarm Host x2  
  196  17:32  Queen  
  156  18:08  Hatchery  
Show
View Real Time Build Order
Export as new Build Order

Trizztein Terran 

Build Orders: Reaper Expand, Mech 

Get SALT Encoding   

  12  0:00  SCV  
  13  0:13  SCV  
  14  0:17  Supply Depot  
  14  0:25  SCV  
  15  0:39  SCV, Barracks  
  16  0:45  Refinery  
  16  0:51  SCV  
  17  1:03  SCV  
  18  1:15  SCV  
  19  1:28  Orbital Command  
  19  1:29  Reaper  
  20  1:43  Command Center  
  20  1:53  SCV, Supply Depot  
  21  2:00  Marine  
  22  2:08  Factory  
  22  2:11  SCV  
  23  2:17  Refinery  
  21  2:37  SCV  
  23  2:49  SCV  
  23  2:53  Factory Reactor, Marine  
  24  3:01  SCV  
  25  3:07  Starport  
  25  3:11  Orbital Command  
  25  3:14  SCV  
  26  3:20  Barracks Reactor  
  26  3:26  Barracks Tech Lab  
  26  3:27  SCV  
  27  3:31  Hellion x2  
  31  3:37  SCV  
  31  3:39  SCV, Supply Depot  
  33  3:49  SCV  
  33  3:51  SCV  
  35  3:55  Barracks Tech Lab  
  35  3:56  Raven  
  35  3:57  Hellion  
  35  3:58  Hellion  
  35  4:01  SCV, Supply Depot  
  42  4:03  SCV  
  43  4:13  SCV  
  43  4:16  SCV  
  45  4:19  Hellion x2  
  49  4:25  SCV  
  49  4:30  SCV  
  51  4:37  SCV  
  51  4:40  Hellion x2  
  51  4:41  Supply Depot  
  51  4:45  SCV  
  56  4:48  Command Center  
  56  4:50  SCV, Raven  
  59  4:57  SCV  
  60  5:02  Hellion  
  60  5:03  SCV, Hellion  
  65  5:09  SCV  
  65  5:13  Refinery x2  
  66  5:15  SCV  
  66  5:17  Factory  
  66  5:19  Factory  
  67  5:21  SCV  
  67  5:25  Armory  
  67  5:27  SCV  
  69  5:34  SCV  
  70  5:47  SCV x2  
  70  5:53  Supply Depot  
  70  5:54  Supply Depot  
  70  5:59  SCV x2, Barracks Tech Lab  
  70  6:00  Hellion x2  
  76  6:05  Factory Tech Lab  
  74  6:11  SCV  
  74  6:16  SCV  
  74  6:17  Orbital Command  
  74  6:21  Hellion  
  72  6:26  Hellion x2  
  66  6:42  Hellion  
  68  6:47  Hellion  
  68  6:48  SCV x3  
  71  7:00  SCV x2  
  71  7:01  Thor  
  77  7:04  Hellion  
  77  7:06  Terran Vehicle Weapons Level 1, Supply Depot  
  77  7:07  Supply Depot  
  78  7:09  Hellion  
  78  7:11  Factory Tech Lab  
  78  7:12  Engineering Bay  
  78  7:17  Marine  
  78  7:18  Starport Reactor  
  79  7:22  Supply Depot  
  79  7:23  Supply Depot  
  79  7:25  Hellion  
  79  7:28  Armory  
  79  7:29  SCV  
  82  7:30  Hellion  
  82  7:35  SCV  
  82  7:37  Infernal Pre-Igniter  
  85  7:38  Orbital Command  
  85  7:39  Supply Depot  
  85  7:40  Siege Tank, Supply Depot  
  85  7:43  Missile Turret  
  91  7:44  Cyclone  
  91  7:46  Hellion, Missile Turret x2  
  91  7:47  SCV x2  
  95  7:57  Hellion  
  97  7:59  SCV  
  97  8:00  SCV  
  97  8:02  Supply Depot  
  97  8:03  Viking  
  97  8:04  Supply Depot  
  101  8:08  Hellion  
  101  8:12  Thor  
  109  8:28  SCV x2  
  109  8:29  Thor  
  117  8:35  SCV  
  117  8:40  SCV x2  
  120  8:42  Hellion x2  
  120  8:44  Viking x2, Missile Turret x2  
  120  8:47  Factory  
  120  8:48  Factory  
  128  8:52  Refinery  
  128  8:53  Refinery  
  128  8:55  Hellion  
  130  9:00  Supply Depot  
  130  9:01  Terran Vehicle And Ship Armor Level 1  
  130  9:03  Terran Vehicle Weapons Level 2  
  130  9:04  Hellion x2  
  130  9:06  SCV x2  
  130  9:07  SCV  
  137  9:12  Thor  
  137  9:14  Sensor Tower  
  137  9:16  Hellion  
  145  9:30  Hellion x2  
  149  9:32  Command Center  
  149  9:35  Missile Turret  
  149  9:36  Factory Tech Lab  
  149  9:37  Factory Reactor  
  149  9:40  Viking x2  
  149  9:44  Missile Turret  
  153  9:47  Factory Tech Lab  
  153  9:49  Hellion  
  153  9:50  Supply Depot  
  153  9:52  Supply Depot, Hellion  
  157  9:57  Hellion  
  158  10:06  Thor  
  158  10:07  Hellion  
  164  10:10  Hellion  
  164  10:11  Viking x2  
  164  10:13  Hellion  
  172  10:16  Starport  
  172  10:18  Supply Depot  
  172  10:19  Supply Depot, Hellion  
  172  10:20  Hellion  
  176  10:21  Smart Servos  
  176  10:27  Thor  
  182  10:38  Hellion x2  
  182  10:39  SCV x2, Thor  
  194  10:49  Thor  
  200  10:50  Missile Turret  
  200  11:01  Missile Turret  
  196  11:05  Missile Turret  
  196  11:09  Widow Mine  
  196  11:10  Thor  
  139  11:22  Siege Tank  
  139  11:24  SCV x2  
  120  11:26  Refinery  
  120  11:31  Refinery  
  120  11:32  Siege Tank  
  123  11:33  Sensor Tower, Hellion  
  125  11:47  Hellion x2  
  112  11:53  Siege Tank  
  111  11:55  Siege Tank  
  111  11:59  Hellion  
  108  12:04  Siege Tank  
  108  12:07  Hellion  
  108  12:08  Hellion x2  
  102  12:13  SCV x2  
  98  12:20  Hellion  
  99  12:26  Supply Depot x2, Hellion  
  99  12:27  Hellion  
  99  12:28  Hellion  
  99  12:29  Bunker, Hellion x2  
  109  12:36  Hellion  
  105  12:39  SCV x2, Hellion x4  
  105  12:41  Hellion  
  95  12:58  SCV  
  94  13:01  Hellion  
  95  13:09  Hellion  
  97  13:14  SCV  
  97  13:16  SCV  
  99  13:21  Supply Depot  
  99  13:22  SCV  
  100  13:29  Liberator x2  
  100  13:31  Hellion x2  
  100  13:33  Siege Tank x2  
  100  13:34  Hellion  
  112  13:35  SCV x2  
  112  13:36  SCV  
  112  13:40  Siege Tank  
  118  13:49  Starport Reactor  
  118  14:01  Command Center  
  114  14:04  Hellion x2  
  114  14:05  Hellion  
  114  14:10  Command Center, Hellion  
  114  14:11  Siege Tank, Hellion  
  114  14:12  Liberator  
  121  14:17  SCV  
  121  14:21  Liberator  
  121  14:22  Liberator  
  116  14:26  Hellion x3  
  116  14:27  Terran Vehicle Weapons Level 3, Hellion  
  116  14:31  Liberator  
  131  14:48  Hellion x2  
  132  14:55  Liberator  
  132  14:58  Bunker  
  132  14:59  SCV  
  133  15:04  Liberator  
  139  15:07  Hellion x5  
  139  15:11  Liberator  
  139  15:13  Hellion x2  
  155  15:28  Hellion x2  
  139  15:36  Siege Tank  
  139  15:37  Hellion x2  
  143  15:43  Hellion  
  143  15:48  Hellion  
  147  16:03  Refinery  
  138  16:06  Refinery  
  138  16:09  Siege Tank  
  132  16:12  Hellion  
  134  16:24  Hellion x3  
  111  16:28  Hellion  
  111  16:29  Liberator x2  
  111  16:32  Hellion  
  103  16:51  Hellion  
  100  16:56  Hellion  
  101  17:03  Planetary Fortress  
  96  17:10  SCV x2  
  90  17:19  Missile Turret  
  90  17:22  SCV  
  91  17:32  Supply Depot  
  89  17:48  Siege Tank, Hellion x3  
  74  17:52  Hellion  
  74  17:57  SCV  
  74  17:58  SCV  
Tags
 
Add a new tag
Caveats
  • Supply blocks, unpowered buildings, or Contaminate may cause inaccurate times.
  • Supply counts are checked every 10 seconds.